 Dungeon Crawl Stone Soup version 0.31-a0-986-g5e6e4ef867 (webtiles) character file.

Game seed: 3724951679449908292

1512 pokeman the Thaumaturge (level 8, -1/44 HPs)
             Began as a Deep Elf Hedge Wizard on Nov 10, 2023.
             Was an Initiate of Vehumet.
             Killed from afar by a white imp (12 damage)
             ... with a puff of frost
             ... on level 7 of the Dungeon.
             The game lasted 00:09:40 (5345 turns).

pokeman the Thaumaturge (Deep Elf Hedge Wizard)     Turns: 5345, Time: 00:09:41

Health: -1/44      AC:  3    Str:  7    XL:     8   Next: 53%
Magic:  14/32      EV: 13    Int: 22    God:    Vehumet [......]
Gold:   311        SH:  0    Dex: 20    Spells: 15/26 levels left

rFire   . . .        z - +2 short sword (venom)
rCold   . . .        (no shield)
rNeg    . . .        b - +0 robe
rPois   .            c - +0 hat
rElec   .            (no cloak)
rCorr   .            (no gloves)
SInv    .            l - +0 pair of boots
Will    .....        k - amulet of magic regeneration
Stlth   +++          h - ring of magical power
HPRegen 0.27/turn    j - +6 ring of dexterity
MPRegen 0.63/turn

%: no passive effects
@: very slightly contaminated
A: no striking features
a: Renounce Religion


You were on level 7 of the Dungeon.
You worshipped Vehumet.
Vehumet was noncommittal.
You visited 2 branches of the dungeon, and saw 8 of its levels.

You collected 311 gold pieces.

Inventory:

Hand Weapons
 z - a +2 short sword of venom (weapon)
Missiles
 u - 5 curare-tipped darts
Armour
 b - a +0 robe (worn)
 c - a +0 hat (worn)
 l - a +0 pair of boots (worn)
 o - the +0 kite shield of the Spheres {+Blink +Inv Dex-3}
   (You found it on level 2 of the Dungeon)

   Dex-3:     It affects your dexterity (-3).
   +Inv:      It lets you turn invisible.
   +Blink:    It lets you blink.
Jewellery
 h - a ring of magical power (left hand)
 j - a +6 ring of dexterity (right hand)
 k - an amulet of magic regeneration (around neck)
Scrolls
 a - a scroll of teleportation {unknown}
 f - a scroll of butterflies {unknown}
 i - 6 scrolls of identify {unknown}
 n - 3 scrolls of fear {unknown}
 p - 2 scrolls of vulnerability {unknown}
 t - a scroll of blinking {unknown}
 w - a scroll of revelation {unknown}
 y - a scroll of enchant armour {unknown}
Potions
 d - a potion of magic
 e - 2 potions of attraction {unknown}
 g - 2 potions of brilliance {unknown}
 m - 4 potions of mutation {unknown}
 q - a potion of ambrosia {unknown}
 r - a potion of enlightenment {unknown}
 s - 2 potions of curing {unknown}
 v - a potion of lignification {unknown}
 x - a potion of cancellation {unknown}


   Skills:
 - Level 2.0 Fighting
 - Level 2.1 Armour
 - Level 3.0 Dodging
 - Level 3.0 Stealth
 + Level 1.4 Shields
 * Level 9.7 Spellcasting
 + Level 5.1 Conjurations
 - Level 1.1 Summonings
 - Level 1.1 Translocations
 - Level 1.0 Air Magic
 + Level 4.1 Earth Magic
 - Level 1.0 Poison Magic
 - Level 1.3 Evocations


You had 15 spell levels left.
You knew the following spells:

 Your Spells              Type           Power      Damage    Failure   Level
a - Magic Dart            Conj           100%       1d8       1%          1
b - Mephitic Cloud        Conj/Pois/Air  21%        N/A       7%          3
c - Call Imp              Summ           30%        N/A       6%          2
d - Blink                 Tloc           30%        N/A       6%          2
e - Stone Arrow           Conj/Erth      62%        3d10      2%          3

Your spell library contained the following spells:

 Spells                   Type           Power      Damage    Failure   Level
 Kiss of Death            Conj/Necr      88%        2d12      2%          1
 Passwall                 Tmut/Erth      15%        N/A       4%          2
 Slow                     Hex            40%        N/A       6%          1
 Cigotuvi's Dreadful Rot  Necr/Pois/Air  26%        N/A       7%          2
 Ensorcelled Hibernation  Hex/Ice        20%        N/A       10%         2
 Swiftness                Air            15%        N/A       12%         3
 Confusing Touch          Hex            10%        N/A       19%         3
 Animate Armour           Summ/Erth      44%        N/A       22%         4
 Dispel Undead            Necr           10%        3d9       52%         4
 Lehudib's Crystal Spear  Conj/Erth      15%        10d5      100%        8


Dungeon Overview and Level Annotations

Branches:
Dungeon (7/15)             Temple (1/1) D:5

Altars:
Cheibriados
Dithmenos
Elyvilon
Fedhas
Gozag
Hepliaklqana
Kikubaaqudgha
Makhleb
Okawaru
Qazlal
Ru
Sif Muna
Trog
Uskayaw
Vehumet
Wu Jian
Xom
Yredelemnul
Zin
The Shining One

Shops:
D:4 [   D:6 *

Portals:
Abyss: D:4

Annotations:
D:4 1 transporter, soul19's ghost, amateur OgSh


Message History

Unknown command.
Casting: Stone Arrow (dangerous; 3% risk of failure)
Confirm with . or Enter, or press ? or * to list all spells.
Aiming: Stone Arrow (dangerous; 3% risk of failure)
Press: ? - help, Shift-Dir - straight line, f - white imp, p - gnoll
Aim: a white imp (moderately wounded, 74% to hit)
You miscast Stone Arrow.
Nothing appears to happen.
Your attacks no longer feel as feeble.
The gnoll hits the white imp with a +0 whip.
Something hits the gnoll!
The gnoll is killed!
Vehumet accepts your kill.
Casting: Stone Arrow (dangerous; 3% risk of failure)
Confirm with . or Enter, or press ? or * to list all spells.
Aiming: Stone Arrow (dangerous; 3% risk of failure)
Press: ? - help, Shift-Dir - straight line, f - centaur, p - white imp
Aim: a centaur, wielding a +0 shortbow (84% to hit)
The stone arrow hits the centaur!!
The centaur is almost dead.
Unknown command.
Casting: Stone Arrow (dangerous; 3% risk of failure)
Confirm with . or Enter, or press ? or * to list all spells.
Aiming: Stone Arrow (dangerous; 3% risk of failure)
Press: ? - help, Shift-Dir - straight line, f/p - centaur
Aim: a centaur, wielding a +0 shortbow (almost dead, 84% to hit)
The stone arrow hits the centaur!
You kill the centaur!
Vehumet accepts your kill. The white imp gestures at you.
The puff of frost hits you!
* * * LOW HITPOINT WARNING * * *
Casting: Stone Arrow (dangerous; 2% risk of failure)
Confirm with . or Enter, or press ? or * to list all spells.
Aiming: Stone Arrow (dangerous; 2% risk of failure)
Press: ? - help, Shift-Dir - straight line, f - white imp
Aim: a white imp (heavily wounded, 74% to hit)
The stone arrow misses the white imp.
The white imp gestures at you. The puff of frost hits you!
You die...

### ..#
####.###
#......#
#@# #.#
†.# ).##
5)# #.#
.. ..


You could see a white imp.

Vanquished Creatures
  Prince Ribbit (D:6)
  A water moccasin (D:4)
  An ice beast (D:5)
  2 ogres
  A centaur (D:7)
  A kobold brigand (D:6)
  Blork the orc (D:6)
  A scorpion (D:6)
  A howler monkey (D:6)
  A hound (D:5)
  A jelly (D:6)
  An orc priest (D:3)
  4 iguanas
  Natasha (thrice) (D:2)
  7 gnolls
  10 adders
  A shadow imp (D:4)
  3 worms
  5 dart slugs
  13 orcs
  5 bats
  8 endoplasms
  3 giant cockroaches
  8 goblins
  4 hobgoblins
  2 jackals (D:1)
  2 quokkas
  9 ball pythons
  4 frilled lizards
  12 kobolds
  5 rats
121 creatures vanquished.

Vanquished Creatures (collateral kills)
  An ogre (D:5)
  A kobold (D:6)
2 creatures vanquished.

Grand Total: 123 creatures vanquished

Notes
Turn   | Place    | Note
-------+----------+-------------------------------------------
     0 | D:1      | pokeman the Deep Elf Hedge Wizard began the quest for the
                  | Orb.
     0 | D:1      | Reached XP level 1. HP: 10/10 MP: 7/7
   222 | D:1      | Reached XP level 2. HP: 7/16 MP: 1/9
   907 | D:1      | Reached skill level 5 in Spellcasting
  1139 | D:1      | Reached XP level 3. HP: 20/20 MP: 11/11
  1143 | D:1      | Learned a level 3 spell: Mephitic Cloud
  1146 | D:1      | Learned a level 2 spell: Call Imp
  1149 | D:1      | Learned a level 2 spell: Blink
  1318 | D:2      | Reached skill level 1 in Armour
  1319 | D:2      | Reached skill level 1 in Fighting
  1530 | D:2      | Reached XP level 4. HP: 25/25 MP: 13/13
  1789 | D:2      | Noticed Natasha
  1799 | D:2      | Killed Natasha
  1873 | D:2      | Noticed Natasha
  1885 | D:2      | Killed Natasha
  1886 | D:2      | Reached skill level 6 in Spellcasting
  1966 | D:2      | Reached XP level 5. HP: 29/29 MP: 15/15
  2048 | D:2      | Noticed Natasha
  2055 | D:2      | Killed Natasha
  2122 | D:2      | Identified the +0 kite shield of the Spheres {+Blink +Inv
                  | Dex-3}
  2247 | D:2      | Identified the +0 whip "Lorem Ipsum" {antimagic, Str+5}
  2290 | D:2      | Learned a level 3 spell: Stone Arrow
  2967 | D:3      | Reached skill level 1 in Poison Magic
  3126 | D:3      | Reached skill level 1 in Air Magic
  3126 | D:3      | Reached XP level 6. HP: 12/34 MP: 17/17
  3223 | D:3      | Found an ornate altar of the Wu Jian Council.
  3439 | D:4      | Found a transporter.
  3522 | D:4      | Reached skill level 1 in Shields
  3533 | D:4      | Reached skill level 7 in Spellcasting
  3533 | D:4      | Reached skill level 1 in Earth Magic
  3533 | D:4      | Reached skill level 1 in Evocations
  3742 | D:4      | Noticed a water moccasin
  3744 | D:4      | Killed a water moccasin
  3792 | D:4      | Noticed a small abomination
  3812 | D:4      | Found a one-way gate to the infinite horrors of the Abyss.
  3812 | D:4      | Noticed soul19's ghost (amateur OgSh)
  3840 | D:4      | Found Utuitoj's Antique Armour Emporium.
  3851 | D:4      | Reached XP level 7. HP: 38/38 MP: 19/19
  3948 | D:5      | Entered Level 5 of the Dungeon
  4204 | D:5      | Identified the +8 sling of Pomuf {antimagic, rElec rPois
                  | Stlth+}
  4210 | D:5      | Found a staircase to the Ecumenical Temple.
  4217 | Temple   | Entered the Ecumenical Temple
  4224 | Temple   | Became a worshipper of Vehumet
  4371 | D:5      | Reached skill level 8 in Spellcasting
  4463 | D:6      | Found a hazy altar of Hepliaklqana.
  4464 | D:6      | Found a hide-covered altar of Uskayaw.
  4601 | D:6      | Reached XP level 8. HP: 25/44 MP: 15/22
  4816 | D:6      | Noticed Prince Ribbit
  4824 | D:6      | Killed Prince Ribbit
  4825 | D:6      | Reached skill level 9 in Spellcasting
  4858 | D:6      | Found Voipliecutu's General Store.
  4958 | D:6      | Found a sacrificial altar of Ru.
  5151 | D:6      | Noticed Blork the orc
  5156 | D:6      | Killed Blork the orc
  5261 | D:6      | Found a snail-covered altar of Cheibriados.
  5264 | D:6      | Found an ancient bone altar of Kikubaaqudgha.
  5266 | D:6      | Found a stormy altar of Qazlal.
  5272 | D:6      | Found a glowing golden altar of the Shining One.
  5324 | D:7      | Reached skill level 5 in Conjurations
  5345 | D:7      | Killed from afar by a white imp

Illustrated notes

Levels and vault maps discovered:
D:1:      psy_arrival_basics, layout_loops_ring
D:2:      layout_basic, minmay_three_crescents, uniq_natasha
D:3:      layout_loops_corners, lemuel_coloured_pillars_altar,
          hangedman_decor_points
D:4:      layout_basic, serial_shops, nicolae_shop_dealshenge,
          gammafunk_ghost_abyssal_escape
D:5:      layout_rooms, temple_green, minivault_23
D:6:      layout_basic, nicolae_ru_sacrificial_ziggurat,
          nicolae_overflow_hallway_of_the_gods, serial_shops, shop,
          uniq_blork_the_orc, uniq_prince_ribbit1
D:7:      layout_loops_cross, marbit_many_paths
Temple:   nicolae_temple_x_marks_the_god

Skill      XL: |  1  2  3  4  5  6  7  8 |
---------------+-------------------------+-----
Spellcasting   | 5 6 7 8 9 |  9.7
Armour         | 1 2 |  2.1
Fighting       | 1 2 |  2.0
Conjurations   | 2 3 4 5 |  5.1
Dodging        | 3 |  3.0
Stealth        | 3 |  3.0
Poison Magic   | 1 |  1.0
Air Magic      | 1 |  1.0
Shields        | 1 |  1.4
Earth Magic    | 1 3 4 |  4.1
Evocations     | 1 |  1.3
Summonings     | |  1.1
Translocations | |  1.1

Action                     |  1- 3 |  4- 6 |  7- 9 || total
---------------------------+-------+-------+-------++-------
  Melee: Dagger            |    39 |     5 |       ||    44
         Hand axe          |       |    10 |     8 ||    18
   Cast: Magic Dart        |    90 |   151 |    39 ||   280
         Mephitic Cloud    |     3 |    11 |     5 ||    19
         Call Imp          |     1 |     2 |       ||     3
         Stone Arrow       |       |     2 |    32 ||    34
         Blink             |       |       |     1 ||     1
   Stab: Confused          |     1 |     4 |       ||     5
 Armour: Robe              |    27 |    11 |    16 ||    54
  Dodge: Dodged            |    44 |    21 |     7 ||    72

Table legend: (Time is in decaauts)
 A = Elapsed time spent in this place.
 B = Non-inter-level travel time spent in this place.
 C = Inter-level travel time spent in this place.
 D = Time resting spent in this place.
 E = Time spent auto-exploring this place.
 F = Levels seen in this place.
 G = Mean time per level.
                   A        B        C        D        E       F      G
               +--------+--------+--------+--------+--------+-----+--------+
         Total |   5347 |   5124 |    223 |      0 |   4383 |   8 |  668.4 |
       Dungeon |   5332 |   5115 |    217 |      0 |   4383 |   7 |  761.7 |
        Temple |     14 |      8 |      6 |      0 |      0 |   1 |   14.0 |
               +--------+--------+--------+--------+--------+-----+--------+

Top non-repeatable levels by time:
     D:1: 1293 daAuts
     D:2: 1096 daAuts
     D:3: 1029 daAuts
     D:6: 859 daAuts
     D:4: 529 daAuts
     D:5: 500 daAuts
     D:7: 23 daAuts
  Temple: 14 daAuts
